 Dungeon Crawl Stone Soup version 0.28.0-53-g5a82cb258f (webtiles) character file.

Game seed: 642044198586504767

108 Sin92 the Skirmisher (level 4, 0/35 HPs)
             Began as a Demonspawn Fighter on Aug 15, 2022.
             Slain by JohnEldenRing's ghost (4 damage)
             ... on level 3 of the Dungeon.
             The game lasted 00:02:27 (2884 turns).

Sin92 the Skirmisher (Demonspawn Fighter)           Turns: 2884, Time: 00:02:28

Health: 0/35       AC:  8    Str: 18    XL:     4   Next: 58%
Magic:  4/4        EV:  9    Int:  9    God:
Gold:   42         SH:  4    Dex: 13    Spells: 3/3 levels left

rFire   . . .      SeeInvis .   a - +0 war axe
rCold   . . .      Faith    .   c - +0 buckler
rNeg    . . .      Spirit   .   b - +0 scale mail
rPois   .          Reflect  .   (no helmet)
rElec   .          Harm     .   (no cloak)
rCorr   .          Rampage  .   (no gloves)
Will    .....                   (no boots)
Stlth   ..........              (no amulet)
HPRegen 0.11/turn               (no ring)
MPRegen 0.09/turn               (no ring)

@: no status effects
A: yellow scales 1
a: no special abilities


You were on level 3 of the Dungeon.
You visited 1 branch of the dungeon, and saw 3 of its levels.

You collected 42 gold pieces.

Inventory:

Hand Weapons
 a - a +0 war axe (weapon)
Armour
 b - a +0 scale mail (worn)
 c - a +0 buckler (worn)
 d - a +0 kite shield
Jewellery
 f - an amulet of the acrobat
Scrolls
 e - 3 scrolls of identify {unknown}
 h - a scroll of brand weapon {unknown}
 k - a scroll of silence {unknown}
Potions
 g - a potion of haste {unknown}
 i - a potion of lignification
 j - a potion of brilliance {unknown}


   Skills:
 + Level 3.3 Fighting
 * Level 2.8(3.0) Axes
 + Level 1.0(2.1) Maces & Flails
 + Level 3.1 Armour
 + Level 1.2 Dodging
 + Level 3.1 Shields


You had 3 spell levels left.
You didn't know any spells.
Your spell library was empty.

Dungeon Overview and Level Annotations

Branches:
Dungeon (3/15)

Altars:
Beogh

Shops:
D:1 *   D:2 :

Annotations:
D:3 JohnEldenRing's ghost, weakling GnBe


Innate Abilities, Weirdness & Mutations

You are partially covered in yellow scales. (AC +2)


Message History

You barely miss the orc.
The orc is almost dead.
Your transformation is almost over.
The orc hits you with a +9 falchion.
You barely miss the orc.
The orc is almost dead.
You block the orc's attack. The orc hits you but does no damage.
Unknown command.
You slash the orc!
You kill the orc!
The orc priest invokes the aid of Beogh against you.
Beogh smites you!
* * * LOW HITPOINT WARNING * * *
You barely miss JohnEldenRing's ghost.
You block JohnEldenRing's ghost's attack.
The orc priest miscasts a cantrip.
JohnEldenRing's ghost hits you but does no damage.
Unknown command.
Unknown command.
You hit JohnEldenRing's ghost but do no damage.
JohnEldenRing's ghost barely misses you.
The orc priest looks braver for a moment.
You hit JohnEldenRing's ghost.
JohnEldenRing's ghost is lightly damaged.
You block JohnEldenRing's ghost's attack.
JohnEldenRing's ghost hits you.
* * * LOW HITPOINT WARNING * * *
The orc priest looks satisfied for a moment.
Unknown command.
You miss JohnEldenRing's ghost.
JohnEldenRing's ghost is lightly damaged.
You feel less wooden.
Your +0 scale mail unmelds from your body.
JohnEldenRing's ghost hits you but does no damage.
Unknown command.
You slash JohnEldenRing's ghost!
JohnEldenRing's ghost is heavily damaged.
JohnEldenRing's ghost hits you but does no damage.
JohnEldenRing's ghost hits you.
You die...

#.#8#..8..#8#.##...#....
#.###.....###.####......
#....#####....# ##.....
#......$......# ##......
#######'''########.......
#8......o......8##.#.....
#......ooo......##.#.....
########W#########.#.....
#@########..#.....
#.................
########.....#####
#.....# ####### # #


You could see an orc priest, JohnEldenRing's ghost and 3 orcs.

Vanquished Creatures
  3 gnolls (D:3)
  2 adders
  A worm (D:2)
  A dart slug (D:1)
  7 orcs (D:3)
  4 endoplasms
  A giant cockroach (D:1)
  5 goblins
  A hobgoblin (D:2)
  3 quokkas (D:1)
  5 ball pythons
  5 bats
  A frilled lizard (D:3)
  6 kobolds
  6 rats
51 creatures vanquished.

Vanquished Creatures (others)
  4 plants (D:1)
4 creatures vanquished.

Grand Total: 55 creatures vanquished

Notes
Turn   | Place    | Note
-------+----------+-------------------------------------------
     0 | D:1      | Sin92 the Demonspawn Fighter began the quest for the Orb.
     0 | D:1      | Reached XP level 1. HP: 18/18 MP: 1/1
   103 | D:1      | Gained mutation: You are partially covered in yellow
                  | scales. (AC +2) [demonic ancestry]
   103 | D:1      | Reached XP level 2. HP: 21/24 MP: 2/2
   427 | D:1      | Found a faded altar of an unknown god.
   456 | D:1      | Found Ulumnoh's General Store.
  1038 | D:2      | Found Yddul's Book Shop.
  1046 | D:2      | Reached XP level 3. HP: 28/29 MP: 3/3
  1352 | D:2      | Reached skill level 1 in Dodging
  1745 | D:3      | Reached XP level 4. HP: 10/35 MP: 4/4
  2498 | D:3      | Found a runed translucent gate.
  2498 | D:3      | Found a runed translucent gate.
  2499 | D:3      | Found a runed translucent gate.
  2501 | D:3      | Noticed JohnEldenRing's ghost (weakling GnBe)
  2502 | D:3      | Identified the +1 leather armour of the Quahog {rF++}
  2608 | D:3      | Reached skill level 1 in Maces & Flails
  2884 | D:3      | Slain by JohnEldenRing's ghost

Illustrated notes

Levels and vault maps discovered:
D:1:      dpeg_arrival_castle, layout_rooms, serial_forest,
          infiniplex_forest_clump_long, infiniplex_forest_end_1,
          infiniplex_forest_zigzag_1, infiniplex_forest_lined_room_3,
          infiniplex_forest_clump_small, infiniplex_forest_end_1,
          infiniplex_forest_lined_corner, infiniplex_forest_lined_ring,
          serial_shops, nicolae_shop_advertising_works
          [nicolae_subvault_shop_adworks], ebering_ecumenical_altar_mist
D:2:      layout_loops_ring, serial_shops, shop, kennysheep_generic_room_4
D:3:      layout_rooms, biasface_ghost_orc_armoury

Skill      XL: |  1  2  3  4 |
---------------+-------------+-----
Axes           | 2 |  2.8
Dodging        | 1 |  1.2
Armour         | 3 |  3.1
Shields        | 3 |  3.1
Maces & Flails | 1 |  1.0
Fighting       | |  3.3

Action                   |  1- 3 |  4- 6 || total
-------------------------+-------+-------++-------
Melee: War axe           |   109 |    48 ||   157
  Use: Potion            |     1 |     1 ||     2
       Scroll            |     1 |       ||     1
Armor: Scale mail        |    62 |    12 ||    74
       Skin              |       |    12 ||    12
Dodge: Dodged            |    53 |    13 ||    66
Block: Buckler           |    32 |    15 ||    47
